 Dungeon Crawl Stone Soup version 0.31-a0-656-gb4d89c20fa (webtiles) character file.

Game seed: 14044294557247298686

1173 lunkers the Martial Artist (level 9, -4/94 (96) HPs)
             Began as a Meteoran Shapeshifter on Aug 30, 2023.
             Was an Initiate of Ru.
             Slain by a wight
             ... wielding a +5 hand axe
              (13 damage)
             ... on level 7 of the Dungeon.
             The game lasted 00:06:36 (2197 turns).

lunkers the Martial Artist (Meteoran Shapeshifter)  Turns: 2197, Time: 00:06:37

HP:   -4/94 (96)    AC:  5    Str: 17    XL:     9   Next: 0%
MP:   10/10         EV: 11    Int: 12    God:    Ru [......]
Gold: 261           SH:  0    Dex: 17    Spells: 8/8 levels left

rFire   . .          .
                       - Unarmed
rCold   . . .        (no shield)
rNeg    . . .        g - +0 ring mail
rPois   .            (helmet currently unavailable)
rElec   .            (cloak currently unavailable)
rCorr   +            (gloves currently unavailable)
SInv    .            (boots currently unavailable)
Will    +....        (no amulet) Stlth
                     m - ring of wizardry
HPRegen 0.35/turn    o - ring of resist corrosion
MPRegen 0.12/turn

%: wizardry (x1)
@: berserking, beast-form, glowing, lightly drained, very quick
A: beast (slay +4), sense surroundings 2, no stealth, otherworldly, glowing,
explore regen
a: Begin Untransformation, Renounce Religion


You were on level 7 of the Dungeon.
You worshipped Ru.
Ru was noncommittal.
You were a hulking beast.
You visited 1 branch of the dungeon, and saw 7 of its levels.

You collected 261 gold pieces.

Inventory:

Armour
 a - a +0 animal skin
 g - a +0 ring mail (worn)
 i - a +0 helmet
 s - a +0 pair of boots
Jewellery
 m - a ring of wizardry (left hand)
 o - a ring of resist corrosion (right hand)
Talismans
 c - a beast talisman (active)
 d - a flux talisman
Wands
 q - a wand of digging (4)
 u - a wand of flame (25)
 v - a wand of paralysis (8)
Scrolls
 n - a scroll of amnesia {unknown}
 p - a scroll of fog {unknown}
 r - a scroll of brand weapon {unknown}
 x - a scroll of revelation {unknown}
 y - a scroll of noise {unknown}
Potions
 b - a potion of magic {unknown}
 e - 3 potions of attraction
 f - 2 potions of enlightenment
 j - a potion of brilliance {unknown}
 k - 3 potions of mutation {unknown}
 l - a potion of curing {unknown}
 t - a potion of lignification
 w - a potion of haste {unknown}
 z - a potion of invisibility {unknown}


   Skills:
 - Level 1.1 Fighting
 - Level 2.1 Dodging
 * Level 10.2 Unarmed Combat
 + Level 7.2 Shapeshifting


You had 8 spell levels left.
You didn't know any spells.
Your spell library contained the following spells:

 Spells                   Type           Power      Damage    Failure   Level
 Ensorcelled Hibernation  Hex/Ice        0%         N/A       34%         2
 Call Canine Familiar     Summ           0%         N/A       56%         3
 Portal Projectile        Hex/Tloc       0%         N/A       56%         3
 Anguish                  Hex/Necr       0%         N/A       91%         4
 Leda's Liquefaction      Hex/Erth       0%         N/A       91%         4


Dungeon Overview and Level Annotations

Branches:
Dungeon (7/15) Zot: 2039   Temple (0/1) D:5

Altars:
Ru

Shops:
D:5 [:


Innate Abilities, Weirdness & Mutations

You are a hulking beast.
Your limbs bulge with bestial killing power. (Slay +4)
You passively map the area around you.
You cannot be stealthy.
You are easily found by Zot.
You glow in the dark.
You regain HP and MP as you explore.


Message History

The wight freezes you.
* * * LOW HITPOINT WARNING * * *
The wight misses you.
A red film seems to cover your vision as you go berserk!
You feel yourself moving faster!
You feel mighty! The wight hits you but does no damage.
The wight hits you with a +3 flail!
* * * LOW HITPOINT WARNING * * *
The wight hits you with a +4 great sword of freezing.
* * * LOW HITPOINT WARNING * * *
The wight freezes you.
* * * LOW HITPOINT WARNING * * *
The wight barely misses you.
You punch the wight!
You destroy the wight!
The wight hits you from afar with a +0 spear.
* * * LOW HITPOINT WARNING * * *
You feel drained.
* * * LOW HITPOINT WARNING * * *
The wight closely misses you.
Your Unarmed Combat skill increases to level 10!
Unknown command.
You punch the wight!
The wight is almost destroyed.
The wight barely misses you.
Unknown command.
You punch the wight!
You destroy the wight!
The wight hits you from afar with a +0 spear.
* * * LOW HITPOINT WARNING * * *
You feel drained.
* * * LOW HITPOINT WARNING * * *
You have reached level 9!
Your experience leads to an increase in your attributes!
Increase (S)trength, (I)ntelligence, or (D)exterity?
You feel agile. x2; You feel stronger.
Your attunement to dungeon structure grows.
You punch the wight!
The wight is heavily damaged.
The wight hits you with a +5 hand axe!
You die...

, .... ##...#
...##..###....#
#####...#...##...#.
#...#........##.##.
#............)<..#.
#.....#.....##.....
###.....#..PPP.#...†.
##.........P≈≈..##....
#...)h......≈§P###....
*#..>##z).#...P.P##.....
#....z..###....§##.....
* , ....#.##
#......#..... ,,..#..###
####.......## # #., *
*** #.......... * * ..
** *#...#...... * #.,
,,......###..... * ,,,,
*, #...### #.....


You could see 2 wights.

Vanquished Creatures
  Menkaure (D:4)
  A black bear (D:6)
  An ogre (D:6)
  A phantom (D:6)
  A scorpion (D:5)
  2 bullfrogs
  4 wights (D:7)
  2 orc priests (D:6)
  2 iguanas
  4 orc wizards
  3 gnolls (D:6)
  7 adders
  2 white imps
  2 worms (D:3)
  3 dart slugs
  11 orcs
  2 ball pythons (D:3)
  7 bats
  4 endoplasms
  4 goblins
  9 hobgoblins
  7 jackals
  4 quokkas
  4 frilled lizards
  2 kobolds
  4 rats
94 creatures vanquished.

Notes
Turn   | Place    | Note
-------+----------+-------------------------------------------
     0 | D:1      | lunkers the Meteoran Shapeshifter began the quest for the
                  | Orb.
     0 | D:1      | Reached XP level 1. HP: 16/16 MP: 2/2
    46 | D:1      | Reached skill level 4 in Unarmed Combat
    46 | D:1      | Reached XP level 2. HP: 23/23 MP: 3/3
   139 | D:1      | Reached XP level 3. HP: 17/28 MP: 4/4
   360 | D:2      | Reached XP level 4. HP: 18/35 MP: 5/5
   380 | D:2      | Reached skill level 5 in Unarmed Combat
   440 | D:2      | Found a sacrificial altar of Ru.
   446 | D:2      | Became a worshipper of Ru the Awakened
   744 | D:3      | Reached XP level 5. HP: 15/40 MP: 6/6
  1045 | D:3      | Reached skill level 6 in Unarmed Combat
  1261 | D:4      | Reached XP level 6. HP: 45/47 MP: 7/7
  1278 | D:4      | Noticed Menkaure
  1285 | D:4      | Killed Menkaure
  1286 | D:4      | Reached skill level 7 in Unarmed Combat
  1286 | D:4      | Reached skill level 5 in Shapeshifting
  1481 | D:5      | Entered Level 5 of the Dungeon
  1485 | D:5      | Found Xuntih's Armour Emporium.
  1549 | D:5      | Reached XP level 7. HP: 33/52 MP: 8/8
  1563 | D:5      | HP: 2/52 [orc/+0 dagger (2)]
  1567 | D:5      | Gained mutation: You cannot be stealthy. [Ru sacrifice]
  1574 | D:5      | Found Tuacvatt's Book Emporium.
  1598 | D:5      | Found a staircase to the Ecumenical Temple.
  1736 | D:6      | Reached skill level 8 in Unarmed Combat
  1793 | D:6      | Reached XP level 8. HP: 35/59 MP: 9/9
  1824 | D:6      | Reached skill level 9 in Unarmed Combat
  2195 | D:7      | Reached skill level 10 in Unarmed Combat
  2197 | D:7      | Gained mutation: You passively map the area around you.
                  | [Meteoran growth]
  2197 | D:7      | Reached XP level 9. HP: 9/63 MP: 10/10
  2197 | D:7      | Slain by a wight

Illustrated notes

Levels and vault maps discovered:
D:1:      lemuel_arrival_behind_the_door_large, layout_loops_corners
D:2:      layout_loops_ring, basic_altar, minmay_tripent
D:3:      layout_basic, grunt_decor_clamped
D:4:      wander_river, layout_basic, saegor_snake_ambush, uniq_duvessa,
          uniq_menkaure
D:5:      layout_cave_pods, minmay_temple_entry_arrows, serial_shops,
          nicolae_shop_real_fake_doors, shop, nicolae_square_shop, shop,
          nicolae_book_shop_shelving
D:6:      layout_gridville
D:7:      layout_cave_pools, serial_demonic, serial_demonic_d, serial_demonic_f,
          serial_demonic_g, serial_demonic_d

Skill      XL: |  1  2  3  4  5  6  7  8 |
---------------+-------------------------+-----
Unarmed Combat | 4 5 6 7 8 10 | 10.2
Shapeshifting  | 4 5 6 7 |  7.2
Fighting       | |  1.1
Dodging        | |  2.1

Action                     |  1- 3 |  4- 6 |  7- 9 || total
---------------------------+-------+-------+-------++-------
  Melee: Unarmed           |    75 |   122 |    99 ||   296
         Punch             |     1 |     5 |     1 ||     7
 Invoke: Sacrifice Stealth |       |       |     1 ||     1
    Use: Scroll            |       |     3 |       ||     3
         Potion            |       |     1 |     1 ||     2
 Armour: Animal skin       |    11 |     6 |       ||    17
         Ring mail         |       |    28 |    21 ||    49
         Skin              |       |     1 |       ||     1
  Dodge: Dodged            |    42 |    65 |    54 ||   161

Table legend: (Time is in decaauts)
 A = Elapsed time spent in this place.
 B = Non-inter-level travel time spent in this place.
 C = Inter-level travel time spent in this place.
 D = Time resting spent in this place.
 E = Time spent auto-exploring this place.
 F = Levels seen in this place.
 G = Mean time per level.
                   A        B        C        D        E       F      G
               +--------+--------+--------+--------+--------+-----+--------+
         Total |   2159 |   2021 |    138 |     16 |   1387 |   7 |  308.4 |
       Dungeon |   2159 |   2021 |    138 |     16 |   1387 |   7 |  308.4 |
               +--------+--------+--------+--------+--------+-----+--------+

Top non-repeatable levels by time:
     D:3: 419 daAuts
     D:6: 411 daAuts
     D:2: 399 daAuts
     D:4: 391 daAuts
     D:1: 251 daAuts
     D:5: 228 daAuts
     D:7: 57 daAuts
